 Dungeon Crawl Stone Soup version 0.28-a0-1594-ga885d4b3d6 (webtiles) character file.

Game seed: 11489385369809066726

6576 Shayle the Covert (level 11, -1/76 HPs)
             Began as a Djinni Warper on Jan 20, 2022.
             Was an Initiate of Ashenzari.
             Slain by a four-headed hydra (8 damage)
             ... on level 9 of the Dungeon.
             The game lasted 01:02:10 (15645 turns).

Shayle the Covert (Djinni Warper)                  Turns: 15645, Time: 01:02:10

Health: -1/76      AC: 16    Str: 10    XL:     11   Next: 21%
Gold:   391        EV: 14    Int: 20    God:    Ashenzari [......] SH: 12 Dex: 12

rFire   + + .      SeeInvis .   h - +2 mace (vorpal)
rCold   . . .      Faith    .   s - +2 buckler of Supernal Gnosis {Self, Evo} (curse)
rNeg    . . .      Spirit   .   w - +2 leather armour {rPois}
rPois   ∞          Reflect  +   q - +1 helmet
rElec   .          Harm     .   (no cloak)
rCorr   .          Rampage  .   (no gloves)
Will    +....                   (boots unavailable)
Stlth   ++++......              E - amulet of reflection
HPRegen 0.22/turn               m - +4 ring of protection
MPRegen 0.00/turn               j - ring of protection from cold

@: mighty, ice-armoured, flying
A: sickness immunity, fire resistance 2, cold vulnerability 1, float, innate
caster, hp casting, extra vitality 1
a: Renounce Religion, Curse Item, Shatter the Chains


You were on level 9 of the Dungeon.
You worshipped Ashenzari.
Ashenzari was noncommittal.
You visited 3 branches of the dungeon, and saw 11 of its levels.

You collected 523 gold pieces.
You spent 132 gold pieces at shops.

Inventory:

Hand Weapons
 h - a +2 vorpal mace (weapon)
 k - a +1 flail of pain
 G - a +3 antimagic spear
Missiles
 c - 5 boomerangs of dispersal (quivered)
 i - 9 poisoned darts
 t - 6 boomerangs
 z - 4 javelins
Armour
 a - a +1 leather armour
 q - a +1 helmet (worn)
 s - the cursed +2 buckler of Supernal Gnosis (worn) {Self, Evo}
   (You took it off a hobgoblin on level 4 of the Dungeon)

   It has a curse which improves the following skills: Introspection: Fighting
   and Spellcasting.
   Evocations: Evocations.
 w - a +2 leather armour of poison resistance (worn)
Jewellery
 j - a ring of protection from cold (right hand)
 m - a +4 ring of protection (left hand)
 B - a +6 ring of strength
 D - a +4 ring of evasion
 E - an amulet of reflection (around neck)
 F - a ring of protection from cold
Wands
 x - a wand of paralysis (1)
 I - a wand of charming (2)
Scrolls
 b - 3 scrolls of blinking
 d - 2 scrolls of enchant weapon
 l - 3 scrolls of teleportation
 n - a scroll of silence
 u - 2 scrolls of identify
 v - a scroll of magic mapping
 y - 2 scrolls of fear
Potions
 e - 2 potions of mutation
 f - 7 potions of ambrosia
 g - 4 potions of curing
 o - 2 potions of brilliance
 p - a potion of invisibility
 A - a potion of flight
 C - a potion of resistance
Miscellaneous
 H - a lightning rod (inert)


   Skills:
 + Level 5.2(5.7) Fighting
 - Level 0.8 Throwing
 - Level 1.0 Armour
 * Level 8.0 Dodging
 - Level 10.5 Stealth
 - Level 4.0 Shields
 - Level 2.0 Unarmed Combat
 + Level 4.4(4.8) Spellcasting
 + Level 4.3(4.7) Evocations


You couldn't memorise any spells.
You knew the following spells:

 Your Spells              Type           Power      Damage    Failure   Level
a - Blink                 Tloc           48%        N/A       4%          2
b - Lesser Beckoning      Tloc           24%        N/A       9%          3
c - Gell's Gravitas       Tloc           24%        N/A       9%          3
d - Teleport Other        Tloc           24%        N/A       9%          3
e - Manifold Assault      Tloc           24%        N/A       61%         5
f - Foxfire               Conj/Fire      96%        2x1d8     2%          1
g - Scorch                Fire           48%        2d7       4%          2
h - Ozocubu's Armour      Ice            24%        N/A       9%          3
i - Olgreb's Toxic Radia  Pois           24%        N/A       28%         4
j - Irradiate             Conj/Tmut      12%        3d17      61%         5
Your spell library was empty.

Dungeon Overview and Level Annotations

Branches:
Dungeon (9/15)             Temple (1/1) D:7            Lair (1/6) D:8
    Orc: D:9-12

Altars:
Ashenzari
Cheibriados
Dithmenos
Elyvilon
Fedhas
Gozag
Hepliaklqana
Kikubaaqudgha
Nemelex Xobeh
Okawaru
Qazlal
Ru
Sif Muna
Trog
Uskayaw
Vehumet
Wu Jian
Xom
Yredelemnul
Zin
The Shining One

Shops:
D:5 ??!?

Annotations:
Lair:1 Gastronok


Innate Abilities, Weirdness & Mutations

You are immune to sickness and miasma.
You are immune to poison.
Your flesh is very heat resistant. (rF++)
You are vulnerable to cold. (rC-)
You float through the air rather than walking.
You learn spells naturally, not from books.
Your magical power is your life essence.
You have superior vitality. (+4 MHP)


Message History

The four-headed hydra barely misses you. x2
Unknown command.
You sock the four-headed hydra!
The four-headed hydra is heavily wounded.
The four-headed hydra is no longer more vulnerable to fire.
The four-headed hydra barely misses you.
You block the four-headed hydra's attack.
The four-headed hydra completely misses you.
You block the four-headed hydra's attack.
The four-headed hydra bites you but does no damage.
The four-headed hydra bites you.
* * * LOW HITPOINT WARNING * * *
The four-headed hydra bites you.
* * * LOW HITPOINT WARNING * * *
The four-headed hydra barely misses you.
You sock the four-headed hydra!
The four-headed hydra is severely wounded.
The four-headed hydra bites you but does no damage.
The four-headed hydra barely misses you.
The four-headed hydra completely misses you.
The four-headed hydra bites you.
* * * LOW HITPOINT WARNING * * *
Okay, then.
You hit the four-headed hydra.
The four-headed hydra is severely wounded.
You block the four-headed hydra's attack.
The four-headed hydra bites you but does no damage. x2
The four-headed hydra misses you.
The four-headed hydra barely misses you.
You block the four-headed hydra's attack.
The four-headed hydra bites you but does no damage. x2
Aiming: Paralyse
Press: ? - help, Shift-Dir - straight line, f - four-headed hydra
Aim: a four-headed hydra (severely wounded, chance to affect: 26%)
Okay, then.
You barely miss the four-headed hydra.
The four-headed hydra is severely wounded.
You block the four-headed hydra's attack. x2
The four-headed hydra bites you!
You die...

#### ?.# .########.#
......†...##########
#)D@........[..#
#.###.#######..# #
#.# #..# #.# ##..#
#.######...#
.........#.#
########...# ##..#
#########..#


You could see a four-headed hydra.

Vanquished Creatures
  A hydra (Lair:1)
  A two-headed ogre (D:8)
  A komodo dragon (Lair:1)
  A polar bear (Lair:1)
  A yak (Lair:1)
  Eustachio (D:5)
  A wyvern (D:8)
  7 water moccasins
  An orc warrior (D:7)
  A black bear (D:7)
  A necrophage (D:6)
  4 ogres
  3 centaurs
  Blork the orc (D:5)
  A gnoll sergeant (D:8)
  2 bullfrogs
  3 scorpions
  A water moccasin zombie (D:7)
  A water moccasin skeleton (D:5)
  30 killer bees
  6 electric eels (D:5)
  A howler monkey (D:7)
  A jelly (D:5)
  A bullfrog zombie (D:5)
  A hound (D:4)
  A gnoll shaman (D:7)
  2 orc priests
  A bullfrog skeleton (D:6)
  4 orc wizards
  5 iguanas
  2 hound skeletons (D:4)
  12 gnolls
  A howler monkey skeleton (D:6)
  5 adders
  2 white imps
  An ufetubus (D:5)
  2 adder skeletons (D:4)
  A worm (D:2)
  5 dart slugs
  29 orcs
  6 ball pythons
  7 endoplasms
  A giant cockroach (D:3)
  3 goblins
  4 hobgoblins
  4 jackals (D:1)
  4 quokkas
  2 bats
  2 frilled lizards
  5 kobolds
  6 rats
190 creatures vanquished.

Vanquished Creatures (collateral kills)
  A killer bee (Lair:1)
  2 foxfires (D:5)
3 creatures vanquished.

Vanquished Creatures (others)
  A queen bee (Lair:1)
  A killer bee (Lair:1)
  222 foxfires
  3 plants (D:5)
227 creatures vanquished.

Grand Total: 420 creatures vanquished

Notes
Turn   | Place    | Note
-------+----------+-------------------------------------------
     0 | D:1      | Shayle the Djinni Warper began the quest for the Orb.
     0 | D:1      | Reached XP level 1. HP: 18/18 MP: 0/0
    91 | D:1      | Found a faded altar of an unknown god.
   366 | D:1      | Reached skill level 1 in Stealth
   366 | D:1      | Reached XP level 2. HP: 23/23 MP: 0/0
   807 | D:2      | Found a white marble altar of Elyvilon.
   878 | D:2      | Reached XP level 3. HP: 19/28 MP: 0/0
   878 | D:2      | Learned a level 1 spell: Foxfire
  1013 | D:2      | Reached skill level 2 in Stealth
  2040 | D:3      | Reached XP level 4. HP: 24/33 MP: 0/0
  2046 | D:3      | Reached skill level 3 in Stealth
  2553 | D:2      | Reached XP level 5. HP: 31/38 MP: 0/0
  2553 | D:2      | Learned a level 2 spell: Scorch
  2732 | D:3      | Reached skill level 4 in Stealth
  3762 | D:4      | Reached XP level 6. HP: 43/43 MP: 0/0
  3818 | D:4      | Reached skill level 5 in Stealth
  4334 | D:4      | Found a blossoming altar of Fedhas.
  4339 | D:4      | Noticed an ogre
  4352 | D:4      | Killed an ogre
  4462 | D:4      | Reached XP level 7. HP: 38/49 MP: 0/0
  4462 | D:4      | Learned a level 3 spell: Ozocubu's Armour
  4516 | D:4      | Reached skill level 6 in Stealth
  5172 | D:5      | Entered Level 5 of the Dungeon
  5172 | D:5      | Noticed Blork the orc
  5183 | D:5      | Killed Blork the orc
  5184 | D:5      | Reached skill level 1 in Shields
  5456 | D:5      | Found Sumoc's Magic Scroll Shop.
  5458 | D:5      | Noticed Eustachio
  5587 | D:5      | Found Dubruh's Magic Scroll Boutique.
  6264 | D:5      | Killed Eustachio
  6265 | D:5      | Reached XP level 8. HP: 40/54 MP: 0/0
  6370 | D:5      | Reached skill level 7 in Stealth
  7572 | D:6      | Reached skill level 8 in Stealth
  7758 | D:6      | Reached XP level 9. HP: 41/58 MP: 0/0
  7758 | D:6      | Learned a level 4 spell: Olgreb's Toxic Radiance
  8258 | D:5      | Found Sauxacedu's Distillery.
  8269 | D:5      | Bought a potion of heal wounds for 60 gold pieces
  8269 | D:5      | Bought 2 potions of curing for 72 gold pieces
  8333 | D:5      | Found Buymatif's Magic Scroll Emporium.
  8341 | D:5      | Reached skill level 9 in Stealth
  9561 | D:7      | Found a hide-covered altar of Uskayaw.
  9686 | D:7      | Reached skill level 10 in Stealth
 10360 | D:7      | Found a staircase to the Ecumenical Temple.
 10369 | Temple   | Entered the Ecumenical Temple
 10460 | Temple   | Became a worshipper of Ashenzari the Shackled
 12109 | D:8      | Found a staircase to the Lair.
 12389 | D:8      | Noticed a two-headed ogre
 12411 | D:8      | Killed a two-headed ogre
 12412 | D:8      | Reached skill level 1 in Evocations
 12412 | D:8      | Reached XP level 10. HP: 44/67 MP: 0/0
 12555 | D:8      | Reached skill level 5 in Dodging
 12767 | Lair:1   | Entered Level 1 of the Lair of Beasts
 12767 | Lair:1   | Noticed a komodo dragon
 13512 | Lair:1   | Killed a komodo dragon
 14530 | Lair:1   | Noticed an eight-headed hydra
 14557 | Lair:1   | Killed an eight-headed hydra
 14558 | Lair:1   | Reached XP level 11. HP: 35/76 MP: 0/0
 14558 | Lair:1   | Learned a level 5 spell: Irradiate
 14850 | Lair:1   | Reached skill level 5 in Fighting
 15369 | Lair:1   | Noticed Gastronok
 15634 | D:9      | Noticed a four-headed hydra
 15645 | D:9      | Slain by a four-headed hydra

Illustrated notes

Levels and vault maps discovered:
D:1:      lightli_arrival_statuegarden, layout_basic, serial_corexii_hall,
          chequers_hall_statues_wall_a, corexii_hall_statues_t,
          basic_ecumenical_altar
D:2:      layout_loops_ring, basic_altar
D:3:      layout_loops_ring
D:4:      layout_cave_pods, mainiacjoe_overflow_catwalk_spiral
D:5:      cheibrodos_two_vegetables, layout_rooms, serial_shops, shop_coins,
          nicolae_shop_trees, nicolae_shop_statue_plus, shop,
          chequers_serial_rivers_small_b, uniq_eustachio, uniq_blork_the_orc
D:6:      layout_basic
D:7:      layout_loops_ring, marbit_many_paths, lemuel_temple_firewalk_b
D:8:      layout_loops_cross, lair_entry_dummy, minmay_misc_feat_columns,
          lightli_orcish_oven
D:9:      layout_loops_ring, grunt_ogre_cave, kennysheep_cross_room,
          hangedman_minor_magic
Temple:   mainiacjoe_temple_bowtie_tessellation
Lair:1:   layout_layer_cave, special_room [special_room_bee],
          serial_bayou_pond_b, serial_bayou_shore_b, grunt_megastairs_1,
          infiniplex_staircase_pool, uniq_gastronok

Skill      XL: |  1  2  3  4  5  6  7  8  9 10 11 |
---------------+----------------------------------+-----
Stealth        | 1 2 3 4 5 6 8 10 | 10.5
Shields        | 3 4 |  4.0
Dodging        | 4 7 8 |  8.0
Fighting       | 3 4 5 |  5.2
Spellcasting   | 3 4 |  4.4
Evocations     | 1 3 4 |  4.3
Throwing       | |  0.8
Armour         | |  1.0
Unarmed Combat | |  2.0

Action                   |  1- 3 |  4- 6 |  7- 9 | 10-12 || total
-------------------------+-------+-------+-------+-------++-------
Melee: Unarmed           |    82 |    19 |       |       ||   101
       Punch             |       |     1 |       |       ||     1
       Flail             |       |    50 |   152 |    66 ||   268
       Mace              |       |       |       |    57 ||    57
 Cast: Foxfire           |    26 |    44 |    54 |     7 ||   131
       Blink             |       |     1 |       |       ||     1
       Scorch            |       |    26 |   117 |    86 ||   229
       Ozocubu's Armour  |       |       |     9 |    10 ||    19
       Olgreb's Toxic Ra |       |       |       |     1 ||     1
Invok: Curse Item        |       |       |     1 |       ||     1
Evoke: Wand              |       |       |    12 |     9 ||    21
       Lightning rod     |       |       |       |     4 ||     4
  Use: Scroll            |       |    11 |     6 |     2 ||    19
       Potion            |       |     4 |     1 |     3 ||     8
 Stab: Sleeping          |     1 |     1 |       |       ||     2
       Distracted        |       |       |     1 |       ||     1
Armor: Leather armour    |    53 |    51 |   123 |   120 ||   347
Dodge: Dodged            |    72 |    65 |   175 |   199 ||   511
Block: Buckler           |       |       |   100 |   192 ||   292
       Reflection        |       |       |       |     3 ||     3

Table legend: (Time is in decaauts)
 A = Elapsed time spent in this place.
 B = Non-inter-level travel time spent in this place.
 C = Inter-level travel time spent in this place.
 D = Time resting spent in this place.
 E = Time spent auto-exploring this place.
 F = Levels seen in this place.
 G = Mean time per level.
                   A        B        C        D        E       F      G
               +--------+--------+--------+--------+--------+-----+--------+
         Total |  15793 |  15166 |    627 |   6506 |   5968 |  11 | 1435.7 |
       Dungeon |  13849 |  13271 |    578 |   5535 |   5387 |   9 | 1538.8 |
        Temple |    120 |     91 |     29 |      0 |     79 |   1 |  120.0 |
          Lair |   1824 |   1805 |     19 |    971 |    502 |   1 | 1824.0 |
               +--------+--------+--------+--------+--------+-----+--------+

Top non-repeatable levels by time:
     D:5: 2294 daAuts
     D:8: 2240 daAuts
     D:7: 2192 daAuts
     D:4: 1931 daAuts
  Lair:1: 1824 daAuts
     D:2: 1482 daAuts
     D:3: 1429 daAuts
     D:6: 1044 daAuts
     D:1: 804 daAuts
     D:9: 428 daAuts
  Temple: 120 daAuts
